 Dungeon Crawl Stone Soup version 0.29.1-12-g30fa7ad0bf (webtiles) character file.

Game seed: 8232124200430413366

162 Unglued128 the Ruffian (level 5, 0/40 HPs)
             Began as a Draconian Transmuter on Dec 24, 2022.
             Slain by a quasit (2 damage)
             ... summoned by Eustachio
             ... on level 4 of the Dungeon.
             The game lasted 00:18:22 (3677 turns).

Unglued128 the Ruffian (Draconian Transmuter)       Turns: 3677, Time: 00:18:23

Health: 0/40       AC:  5    Str: 13      XL:     5   Next: 19%
Magic:  9/9        EV: 12    Int: 15      God:
Gold:   193        SH:  0    Dex:  9 (11) Spells: 9/10 levels left

rFire   . . .      SeeInvis .     - Unarmed
rCold   . . .      Faith    .   (no shield)
rNeg    . . .      Spirit   .   (body armour unavailable)
rPois   .          Reflect  .   (helmet currently unavailable)
rElec   .          Harm     .   (no cloak)
rCorr   .          Rampage  .   (no gloves)
Will    .....                   (boots currently unavailable)
Stlth   +.........              (no amulet)
HPRegen 0.13/turn               (no ring)
MPRegen 0.11/turn               (no ring)

@: appendages (expiring)
A: horns 2, talons 2, AC +5, unfitting armour, cold-blooded
a: End Transformation


You were on level 4 of the Dungeon.
You had temporarily grown beastly horns and talons.
You visited 1 branch of the dungeon, and saw 4 of its levels.

You collected 193 gold pieces.

Inventory:

Missiles
 r - 6 atropa-tipped darts
Magical Staves
 h - a staff of death
Jewellery
 d - a ring of flight
Scrolls
 b - a scroll of teleportation {unknown}
 c - a scroll of enchant weapon {unknown}
 f - 3 scrolls of identify
 g - 2 scrolls of noise {unknown}
 i - 2 scrolls of poison {unknown}
 l - a scroll of vulnerability {unknown}
 m - 2 scrolls of blinking {unknown}
 n - 2 scrolls of enchant armour {unknown}
 o - a scroll of brand weapon {unknown}
 q - a scroll of amnesia {unknown}
Potions
 a - 2 potions of lignification
 e - a potion of curing
 j - a potion of attraction {unknown}
 k - a potion of berserk rage
 p - a potion of cancellation {unknown}


   Skills:
 + Level 1.2 Fighting
 + Level 2.4 Dodging
 + Level 0.5 Stealth
 + Level 4.2 Unarmed Combat
 + Level 3.0 Spellcasting
 + Level 2.8 Transmutations


You had 9 spell levels left.
You knew the following spells:

 Your Spells              Type           Power      Damage    Failure   Level
a - Beastly Appendage     Tmut           20%        N/A       6%          1

Your spell library contained the following spells:

 Spells                   Type           Power      Damage    Failure   Level
 Wereblood                Tmut           10%        N/A       10%         2
 Foxfire                  Conj/Fire      8%         2x1d4     21%         1
 Slow                     Hex            8%         N/A       21%         1
 Spider Form              Tmut/Pois      6%         N/A       32%         3
 Confusing Touch          Hex            2%         N/A       52%         3
 Conjure Flame            Conj/Fire      2%         6-21      52%         3
 Inner Flame              Hex/Fire       2%         N/A       52%         3
 Vampiric Draining        Necr           2%         2d6       52%         3
 Ice Form                 Ice/Tmut       6%         N/A       73%         4
 Flame Wave               Conj/Fire      2%         2d4       89%         4


Dungeon Overview and Level Annotations

Branches:
Dungeon (4/15)
 Temple: D:4-7

Altars:
Okawaru
Vehumet
Wu Jian

Annotations:
D:4 Eustachio


Innate Abilities, Weirdness & Mutations

You have temporarily grown beastly horns and talons.
Your plain brown scales are hard. (AC +5)
You cannot fit into any form of body armour.
You are cold-blooded and may be slowed by cold attacks.


Message History

Eustachio is moderately wounded.
The quasit misses you. The quasit claws you. x2
The endoplasm hits you but does no damage.
Eustachio hits you with a +0 rapier. The grasping roots constrict you.
You hit Eustachio but do no damage. You claw Eustachio, but do no damage.
Your headbutt misses Eustachio.
Eustachio is moderately wounded.
The quasit bites you.
* * * LOW HITPOINT WARNING * * *
The quasit claws you but does no damage.
The quasit barely misses you. The endoplasm misses you.
Eustachio hits you with a +0 rapier.
* * * LOW HITPOINT WARNING * * *
The grasping roots constrict you.
* * * LOW HITPOINT WARNING * * *
The quasit misses you. The quasit closely misses you.
The quasit barely misses you.
It was a potion of curing.
You feel better.
Your transformation is almost over.
Eustachio hits you with a +0 rapier.
* * * LOW HITPOINT WARNING * * *
The grasping roots constrict you.
* * * LOW HITPOINT WARNING * * *
The endoplasm barely misses you. The quasit closely misses you. x2
The quasit claws you but does no damage.
The grasping roots release their grip on you.
You hit Eustachio but do no damage. You claw Eustachio. You headbutt Eustachio.
Eustachio is moderately wounded.
The quasit bites you.
* * * LOW HITPOINT WARNING * * *
You feel clumsy.
The quasit claws you but does no damage.
The quasit claws you.
* * * LOW HITPOINT WARNING * * *
You feel clumsy. Eustachio completely misses you.
The endoplasm closely misses you.
You hit Eustachio. You claw Eustachio, but do no damage.
Eustachio is heavily wounded.
The quasit bites you.
You die...

##.#.##.#.#.#.##.#.### #
##.#.##.#.##..#.##.#.#
###########.#.##.#.##..#.##.#.##
.....÷.....#.##.#.##.(#.##.#.##
####........##.#.##.#).##.#.##
####.#####.##.#.##.#.)##.#.##
..........## #5##.#..##.#.##
#.###.#######.#J##.#.#.#.## #.#
#.# ##..##.#@##.#.#.## #.#
#.###...###@#5##.#.##
#.###.##......## #b##.##
#.....###...#.# #s### ####..#
##.##.# #.# #..####†##.# #.#
#..........# #.# #.#####.#### ##
#.# #.#


You could see Eustachio, a scorpion, an iron imp (summoned), a quasit
(summoned), an endoplasm and a bat (summoned).

Vanquished Creatures
  An iguana (D:4)
  6 adders
  A worm (D:3)
  5 dart slugs
  7 endoplasms
  2 giant cockroaches
  4 hobgoblins
  3 jackals (D:2)
  8 kobolds
  5 quokkas
  5 ball pythons
  3 bats
  3 frilled lizards
  9 goblins
  3 rats
65 creatures vanquished.

Notes
Turn   | Place    | Note
-------+----------+-------------------------------------------
     0 | D:1      | Unglued128 the Draconian Transmuter began the quest for the
                  | Orb.
     0 | D:1      | Reached XP level 1. HP: 16/16 MP: 3/3
   400 | D:1      | Reached XP level 2. HP: 22/23 MP: 3/5
  1190 | D:2      | Reached XP level 3. HP: 26/28 MP: 4/6
  1974 | D:3      | Found an iron altar of Okawaru.
  2084 | D:3      | Reached XP level 4. HP: 33/35 MP: 5/7
  2469 | D:3      | Found a radiant altar of Vehumet.
  2583 | D:3      | Reached skill level 4 in Unarmed Combat
  2629 | D:3      | Found an ornate altar of the Wu Jian Council.
  3594 | D:4      | Reached XP level 5. HP: 32/40 MP: 9/9
  3666 | D:4      | Noticed Eustachio
  3676 | D:4      | HP: 2/40 [quasit[Eustachio] (1)]
  3677 | D:4      | Slain by a quasit

Illustrated notes

Levels and vault maps discovered:
D:1:      amcnicky_arrival_feature_with_door, layout_basic
D:2:      layout_rooms
D:3:      layout_loops_ring, lemuel_coloured_pillars_altar,
          nicolae_wu_jian_wuxing_cycle, okawaru_gym_becter
D:4:      minmay_inner_zag, layout_loops_ring, uniq_eustachio

Skill      XL: |  1  2  3  4 |
---------------+-------------+-----
Dodging        | 2 |  2.4
Unarmed Combat | 4 |  4.2
Spellcasting   | 3 |  3.0
Fighting       | |  1.2
Stealth        | |  0.5
Transmutations | |  2.8

Action                   |  1- 3 |  4- 6 || total
-------------------------+-------+-------++-------
Melee: Unarmed           |   107 |    95 ||   202
       Kick              |    20 |    17 ||    37
       Headbutt          |     8 |    13 ||    21
       Tailslap          |     9 |    11 ||    20
       Punch             |     3 |     3 ||     6
 Cast: Beastly Appendage |    25 |    20 ||    45
  Use: Scroll            |     1 |       ||     1
       Potion            |       |     1 ||     1
Armor: Skin              |    21 |    30 ||    51
Dodge: Dodged            |    64 |    61 ||   125
